 Dungeon Crawl Stone Soup version 0.20-a0-971-g5896763 (webtiles) character file.

208 seren the Slasher (level 5, -10/42 HPs)
             Began as a Bultungin Skald on Apr 8, 2017.
             Mangled by an orc warrior
             ... wielding a +0 dire flail
              (16 damage)
             ... on level 3 of the Dungeon.
             The game lasted 00:11:45 (3648 turns).

seren the Slasher (Bultungin Skald)                 Turns: 3648, Time: 00:11:45

Health: -10/42     AC:  5    Str: 11    XL:     5   Next: 86%
Magic:  9/9        EV: 13    Int: 14    God:
Gold:   226        SH:  0    Dex: 13    Spells: 1/10 levels left

rFire    . . .     SeeInvis +   a - +0 falchion
rCold    . . .     Gourm    .   (no shield)
rNeg     . . .     Faith    .   b - +0 leather armour
rPois    .         Spirit   .   r - +0 helmet
rElec    .         Reflect  .   (no cloak)
rCorr    .         Harm     .   (no gloves)
MR       .....                  p - +0 pair of boots
Stlth    ++........             (no amulet)
Regen    0.2/turn               (no ring)
MPRegen  0.2/turn               (no ring)

@: no status effects
A: short attention span, fangs 1, see invisible, strong nose
a: no special abilities


You were on level 3 of the Dungeon.
You were not hungry.

You visited 1 branch of the dungeon, and saw 3 of its levels.

You collected 226 gold pieces.

Inventory:

Hand Weapons
 a - a +0 falchion (weapon)
Missiles
 j - 67 stones (quivered)
 y - a throwing net
Armour
 b - a +0 leather armour (worn)
 i - a +0 shield
 p - a +0 pair of boots (worn)
 r - a +0 helmet (worn)
Jewellery
 g - a +4 ring of strength {unknown}
Wands
 h - a wand of random effects (25/48)
 s - a wand of polymorph (8/24)
Scrolls
 k - 2 scrolls of recharging {unknown}
 l - 3 scrolls of teleportation {unknown}
 m - a scroll of blinking {unknown}
 n - a scroll of random uselessness {unknown}
 u - a scroll of amnesia {unknown}
 w - a scroll of identify {unknown}
Potions
 e - a potion of might
 o - a potion of flight {unknown}
 q - a potion of curing {unknown}
 v - a potion of brilliance {unknown}
Books
 c - a book of Battle

   Spells                             Type                      Level
   a - Infusion                       Charms                       1
   b - Shroud of Golubria             Charms/Translocation         2
   c - Song of Slaying                Charms                       2
   d - Spectral Weapon                Hexes/Charms                 3
   e - Regeneration                   Charms/Necromancy            3
Comestibles
 d - 4 bread rations
 f - 4 fruits
 t - 3 chunks of flesh
 x - a meat ration
 z - a royal jelly


   Skills:
 + Level 4.0 Fighting
 * Level 6.8 Long Blades
 - Level 1.5 Armour
 + Level 4.3 Dodging
 - Level 2.6 Stealth
 - Level 3.2 Spellcasting
 - Level 4.4 Charms


You had one spell level left.
You knew the following spells:

 Your Spells              Type           Power        Failure   Level  Hunger
a - Infusion              Chrm           ##..         6%          1    #......
b - Shroud of Golubria    Chrm/Tloc      #.........   17%         2    ##.....
c - Regeneration          Chrm/Necr      #.........   34%         3    ###....
d - Spectral Weapon       Hex/Chrm       #.......     34%         3    ###....


Dungeon Overview and Level Annotations

Branches:
Dungeon (3/15)

Altars:
Elyvilon
Hepliaklqana
Okawaru


Innate Abilities, Weirdness & Mutations

You have a short attention span.
You have very sharp teeth.
You have supernaturally acute eyesight. (SInv)
Your uncanny sense of smell can sniff out nearby items.


Message History

The orc warrior misses you.
You closely miss the orc warrior. Your bite misses the orc warrior.
The orc warrior hits you with a dire flail!
You are too injured to fight recklessly!
You are too injured to fight recklessly!
You are too injured to fight recklessly!
You hit the orc warrior.
The orc warrior is lightly wounded.
The orc warrior hits you with a dire flail!
* * * LOW HITPOINT WARNING * * *
You hit the orc warrior.
The orc warrior is lightly wounded.
The orc wizard gestures wildly while chanting.
The orc wizard flickers and vanishes for a moment.
The orc warrior barely misses you.
You completely miss the orc warrior.
You bite the orc warrior, but do no damage.
The orc warrior is lightly wounded.
The orc warrior hits you with a dire flail!
You die...

##########
#.........
###.########
#.....#
#######.....######
#.............#...
#.#####.....#.#.##
#.# #.....#.#.#
#@# ###.###.#.#
#o# #.###.#.## #o#
#......... #o#
#####.#..# #o#
#.#... #o# #>..#.
#.# ###... #.#
##.# #.#


You could see an orc warrior, an orc wizard (invisible) and 3 orcs.

Vanquished Creatures
  Terence (D:3)
  Robin (D:2)
  4 gnolls
  5 adders
  An ooze (D:2)
  3 worms
  A dart slug (D:1)
  3 leopard geckos
  A ball python (D:2)
  A giant cockroach (D:3)
  12 goblins
  11 hobgoblins
  3 jackals (D:1)
  6 kobolds
  2 quokkas (D:3)
  9 bats
  5 frilled lizards
  5 rats
74 creatures vanquished.

Notes
Turn   | Place    | Note
-------+----------+-------------------------------------------
     0 | D:1      | seren the Bultungin Skald began the quest for the Orb.
     0 | D:1      | Reached XP level 1. HP: 18/18 MP: 4/4
   168 | D:1      | Reached XP level 2. HP: 20/24 MP: 6/6
   853 | D:2      | Reached skill level 4 in Long Blades
   853 | D:2      | Reached XP level 3. HP: 16/29 MP: 7/7
  1013 | D:2      | Noticed Robin
  1031 | D:1      | Reached skill level 1 in Stealth
  1388 | D:2      | Reached XP level 4. HP: 35/35 MP: 8/8
  1393 | D:2      | Killed Robin
  1396 | D:2      | Reached skill level 5 in Long Blades
  1675 | D:2      | Found an iron altar of Okawaru.
  1779 | D:2      | Found a faded altar of an unknown god.
  1799 | D:2      | Found a white marble altar of Elyvilon.
  2387 | D:3      | Reached XP level 5. HP: 35/42 MP: 9/9
  2448 | D:3      | Learned a level 2 spell: Shroud of Golubria
  2452 | D:3      | Learned a level 3 spell: Regeneration
  2456 | D:3      | Learned a level 3 spell: Spectral Weapon
  2464 | D:3      | Noticed Terence
  2751 | D:3      | HP: 2/42 [gnoll/halberd (5)]
  2752 | D:3      | Reached skill level 6 in Long Blades
  3129 | D:3      | Killed Terence
  3273 | D:3      | Found a hazy altar of Hepliaklqana.
  3637 | D:3      | Noticed an orc warrior
  3648 | D:3      | Mangled by an orc warrior

Vault maps used:
D:1:      lemuel_arrival_broad_hall
D:2:      nicolae_overflow_crystal_walls, old_standard_altar,
          chequers_ecumenical_altar_island, first_bread, uniq_robin
D:3:      nicolae_overflow_hidden_temple, serial_park_tiny_pond, uniq_terence

Skill      XL: |  1  2  3  4  5 |
---------------+----------------+-----
Long Blades    | 4 5 6 |  6.8
Stealth        | 1 2 |  2.6
Dodging        | 4 |  4.3
Fighting       | 4 |  4.0
Armour         | |  1.5
Spellcasting   | |  3.2
Charms         | |  4.4

Action                   |  1- 3 |  4- 6 || total
-------------------------+-------+-------++-------
Melee: Falchion          |    95 |   197 ||   292
       Bite              |    10 |    16 ||    26
  Use: Potion            |       |     3 ||     3
 Stab: Sleeping          |       |     5 ||     5
       Distracted        |       |     1 ||     1
  Eat: Chunk             |     2 |     7 ||     9
Armor: Leather armour    |    24 |    51 ||    75
       Skin              |    10 |    15 ||    25
Dodge: Dodged            |    67 |   125 ||   192
       Rpst.: Falchion   |    20 |    43 ||    63
